 Dungeon Crawl Stone Soup version 0.29-a0-284-gf9362112df (webtiles) character file.

Game seed: 366592440571147902

6689 Warped the Cleaver (level 10, -8/83 HPs)
             Began as a Minotaur Gladiator on Mar 23, 2022.
             Was a Priest of Makhleb.
             Mangled by a manticore (10 damage)
             ... on level 9 of the Dungeon.
             The game lasted 00:32:02 (10577 turns).

Warped the Cleaver (Minotaur Gladiator)            Turns: 10577, Time: 00:32:02

Health: -8/83      AC: 15    Str: 23    XL:     10   Next: 73%
Magic:  12/12      EV: 15    Int:  5    God:    Makhleb [***...]
Gold:   638        SH:  0    Dex: 12    Spells: 9/9 levels left

rFire   . . .      SeeInvis +   a - +0 war axe
rCold   . . .      Faith    .   (no shield)
rNeg    + . .      Spirit   .   A - +3 storm dragon scales "Qurif" {rElec rN+}
rPois   .          Reflect  .   (helmet unavailable)
rElec   +          Harm     .   (no cloak)
rCorr   .          Rampage  .   F - +0 pair of gloves
Will    .....                   p - +0 pair of boots
Stlth   ..........              x - amulet of magic regeneration
HPRegen 0.23/turn               G - ring of see invisible
MPRegen 0.53/turn               K - +4 ring of evasion

@: mighty, spiked, corroded, attractive, flying
A: horns 3, retaliatory headbutt, thin skeletal structure 1, clumsy 1
a: Renounce Religion, Minor Destruction, Lesser Servant of Makhleb


You were on level 9 of the Dungeon.
You worshipped Makhleb.
Makhleb was most pleased with you.
You visited 2 branches of the dungeon, and saw 10 of its levels.
You also visited: Bailey.

You collected 677 gold pieces.
You spent 39 gold pieces at shops.

Inventory:

Hand Weapons
 a - a +0 war axe (weapon)
 b - a +2 spear of venom
 h - a +0 glaive
 v - a +0 battleaxe
 y - a +1 hunting sling of flaming
 E - a +3 hand axe of pain
Missiles
 e - 6 javelins (quivered)
 f - 160 stones
 l - 3 boomerangs
 t - 13 poisoned darts
 N - 2 curare-tipped darts
Armour
 c - a +0 hat
 p - a +0 pair of boots (worn)
 A - the +3 storm dragon scales "Qurif" (worn) {rElec rN+}
   (You found it in a bailey)

   rElec:     It insulates you from electricity.
   rN:        It protects you from negative energy.
 C - a +0 plate armour
 F - a +0 pair of gloves (worn)
 J - a +4 scale mail of fire resistance
 L - the +3 kite shield of Contentment {Drain rPois rN++ Dex+2}
   (You found it in a bailey)

   Dex:       It affects your dexterity (+2).
   rPois:     It protects you from poison.
   rN:        It greatly protects you from negative energy.
   Drain:     It drains your maximum health when unequipped.
Magical Staves
 o - a staff of poison
 r - a staff of earth
Jewellery
 k - a ring of ice
 x - an amulet of magic regeneration (around neck)
 D - an amulet of the acrobat
 G - a ring of see invisible (left hand)
 K - a +4 ring of evasion (right hand)
Wands
 d - a wand of flame (10)
Scrolls
 m - 3 scrolls of immolation
Potions
 g - a potion of brilliance
 i - a potion of attraction
 u - 5 potions of flight


   Skills:
 + Level 6.1 Fighting
 * Level 14.5 Axes
 - Level 2.0 Throwing
 + Level 7.6 Armour
 + Level 7.9 Dodging
 - Level 4.3 Invocations


You had 9 spell levels left.
You didn't know any spells.
Your spell library contained the following spells:

 Spells                   Type           Power      Damage    Failure   Level
 Animate Skeleton         Necr           0%         N/A       98%         1
 Apportation              Tloc           0%         N/A       98%         1
 Summon Small Mammal      Summ           0%         N/A       98%         1
 Ensorcelled Hibernation  Hex/Ice        0%         N/A       99%         2
 Sublimation of Blood     Necr           0%         N/A       99%         2
 Wereblood                Tmut           0%         N/A       99%         2
 Conjure Flame            Conj/Fire      0%         6-21      100%        3
 Ignite Poison            Fire/Tmut/Pois 0%         N/A       100%        3
 Inner Flame              Hex/Fire       0%         N/A       100%        3
 Spider Form              Tmut/Pois      0%         N/A       100%        3
 Anguish                  Hex/Necr       0%         N/A       100%        4
 Cause Fear               Hex            0%         N/A       100%        4
 Sticky Flame             Conj/Fire      0%         2d3       100%        4
 Dragon Form              Tmut           0%         N/A       100%        7
 Summon Hydra             Summ           0%         N/A       100%        7
 Discord                  Hex            0%         N/A       100%        8
 Dragon's Call            Summ           0%         N/A       100%        9


Dungeon Overview and Level Annotations

Branches:
Dungeon (9/15)             Temple (1/1) D:4          Bailey (visited)
   Lair: D:8-11         Orc: D:9-12

Altars:
Ashenzari
Cheibriados
Dithmenos
Elyvilon
Fedhas
Gozag
Hepliaklqana
Kikubaaqudgha
Makhleb
Nemelex Xobeh
Okawaru
Qazlal
Ru
Sif Muna
Trog
Uskayaw
Vehumet
Wu Jian
Xom
Yredelemnul
Zin
The Shining One

Shops:
D:2 ?   D:8 !


Innate Abilities, Weirdness & Mutations

You have a pair of large horns on your head.
You reflexively headbutt those who attack you in melee.
You have a somewhat thin skeletal structure. (Dex +2, Stealth+)
You are clumsy. (Dex -2)


Message History

The acid dragon barely misses you. The acid dragon misses you.
Unknown command.
Unknown command.
Your +2 spear of venom stops dripping with poison.
a - a +0 war axe (weapon)
The centaur warrior barely misses you.
The centaur warrior kicks you but does no damage.
The acid dragon bites you!
* * * LOW HITPOINT WARNING * * *
The acid dragon misses you.
The manticore bites you but does no damage.
The manticore closely misses you. x2
Unknown command.
Unknown command.
The barbs in your skin will harm you if you move.
Continue?
Okay, then.
You're too confused to attack without stumbling around!
You're too confused to attack without stumbling around!
Really quaff the potion of attraction?
You feel attractive to monsters. The centaur warrior misses you.
The centaur warrior kicks you but does no damage.
The acid dragon completely misses you.
The acid dragon claws you but does no damage.
The manticore closely misses you.
The manticore claws you but does no damage.
The manticore closely misses you. The centaur warrior misses you.
The centaur warrior kicks you but does no damage.
Unknown command.
You feel more buoyant.
You feel less invigorated.
You feel less confused. The centaur warrior misses you.
The centaur warrior kicks you but does no damage.
The acid dragon spits acid at you. The splash of acid hits you!!
* * * LOW HITPOINT WARNING * * *
The acid corrodes you! The manticore barely misses you. x2
The manticore claws you!
You die...

##### ####...###
#........# ####
#........##...###
#........#......#
###...H.?..../..
#....@D.........
#.....c.........
#.................
#.................
#...............##
#.................
####.........?....
..............


You could see a centaur warrior, a manticore (poisoned) and an acid dragon
(catching breath).

Vanquished Creatures
  A two-headed ogre (D:8)
  An orc knight (Bailey)
  A cyclops (D:8)
  Joseph (D:7)
  Grinder (D:4)
  9 yaks
  Sigmund (D:2)
  An acid dragon (D:9)
  3 water moccasins
  5 orc warriors
  A sky beast (D:7)
  An ogre (D:7)
  2 centaurs
  A phantom (D:5)
  3 kobold brigands
  2 necrophages
  A bullfrog (D:8)
  2 scorpions (D:4)
  4 wights (D:8)
  5 killer bees (D:8)
  4 orc priests
  5 hounds
  2 jellies
  A gnoll shaman (D:6)
  Jessica (D:2)
  5 iguanas
  Ijyb (D:5)
  Natasha (thrice) (D:2)
  6 orc wizards
  Robin (D:3)
  4 adders
  14 gnolls
  A shadow imp (D:6)
  2 ufetubi
  3 worms
  38 orcs
  5 ball pythons
  9 endoplasms
  3 giant cockroaches
  13 goblins
  11 hobgoblins
  5 quokkas
  6 bats
  9 frilled lizards
  19 kobolds
  3 rats
220 creatures vanquished.

Vanquished Creatures (others)
  16 plants
  10 withered plants (D:1)
26 creatures vanquished.

Grand Total: 246 creatures vanquished

Notes
Turn   | Place    | Note
-------+----------+-------------------------------------------
     0 | D:1      | Warped the Minotaur Gladiator began the quest for the Orb.
     0 | D:1      | Reached XP level 1. HP: 18/18 MP: 0/0
    20 | D:1      | Reached skill level 4 in Axes
    69 | D:1      | Reached XP level 2. HP: 24/25 MP: 1/1
   304 | D:1      | Found a faded altar of an unknown god.
   602 | D:1      | Reached skill level 5 in Axes
   696 | D:2      | Reached XP level 3. HP: 30/30 MP: 2/2
   734 | D:2      | Noticed Natasha
   741 | D:2      | Killed Natasha
   851 | D:2      | Noticed Sigmund
   856 | D:2      | Reached XP level 4. HP: 36/37 MP: 3/3
   861 | D:2      | Killed Sigmund
   862 | D:2      | Reached skill level 7 in Axes
   862 | D:2      | Reached XP level 5. HP: 27/42 MP: 4/4
  1165 | D:2      | Reached skill level 8 in Axes
  1191 | D:2      | Noticed Natasha
  1198 | D:2      | Killed Natasha
  1199 | D:2      | Reached XP level 6. HP: 40/50 MP: 5/5
  1273 | D:2      | Noticed Natasha
  1280 | D:2      | Killed Natasha
  1408 | D:2      | Noticed Jessica
  1412 | D:2      | Killed Jessica
  1555 | D:2      | Found Hoexzupp's Magic Scroll Boutique.
  1835 | D:3      | Found an iron altar of Okawaru.
  1978 | D:3      | Identified the +0 helmet "Sismo" {Harm rElec rF+ rN+}
  1978 | D:3      | Noticed Robin
  1982 | D:3      | Killed Robin
  2028 | D:3      | Reached skill level 9 in Axes
  2308 | D:4      | Noticed a water moccasin
  2317 | D:4      | Killed a water moccasin
  2509 | D:4      | Reached XP level 7. HP: 40/56 MP: 6/6
  2757 | D:4      | Found a staircase to the Ecumenical Temple.
  2766 | Temple   | Entered the Ecumenical Temple
  2904 | Temple   | Became a worshipper of Makhleb the Destroyer
  3406 | D:4      | Reached skill level 10 in Axes
  3534 | D:4      | Reached skill level 1 in Armour
  3869 | D:4      | Reached * piety under Makhleb
  4279 | D:5      | Entered Level 5 of the Dungeon
  4280 | D:5      | Noticed Grinder
  4283 | D:5      | Paralysed by Grinder for 4 turns
  4357 | D:4      | Reached XP level 8. HP: 21/66 MP: 7/7
  4363 | D:4      | Killed Grinder
  4527 | D:5      | Reached skill level 11 in Axes
  4652 | D:5      | Noticed Ijyb
  4755 | D:5      | Killed Ijyb
  5336 | D:6      | Reached skill level 1 in Invocations
  5424 | D:6      | Reached skill level 5 in Dodging
  6450 | D:7      | Noticed Joseph
  6459 | D:7      | Killed Joseph
  6460 | D:7      | Reached skill level 12 in Axes
  6460 | D:7      | Reached XP level 9. HP: 31/71 MP: 9/9
  6488 | D:7      | Found a flagged portal.
  6797 | Bailey   | Entered a bailey
  6851 | Bailey   | Reached skill level 5 in Armour
  6899 | Bailey   | Reached ** piety under Makhleb
  7407 | Bailey   | Noticed an orc knight
  7455 | Bailey   | Killed an orc knight
  7754 | Bailey   | Identified the +3 storm dragon scales "Qurif" {rElec rN+}
  7757 | Bailey   | Identified the +3 kite shield of Contentment {Drain rPois
                  | rN++ Dex+2}
  7857 | D:7      | Reached skill level 13 in Axes
  8239 | D:8      | Found Lapadups's Distillery.
  8242 | D:8      | Bought a potion of curing for 39 gold pieces
  8636 | D:8      | Reached *** piety under Makhleb
  8641 | D:8      | Reached XP level 10. HP: 68/79 MP: 12/12
  8643 | D:8      | Noticed a cyclops
  8895 | D:8      | Killed a cyclops
  9228 | D:9      | Noticed a two-headed ogre
  9408 | D:8      | Reached skill level 5 in Fighting
  9510 | D:9      | Reached skill level 14 in Axes
  9755 | D:9      | Noticed a tengu warrior
  9764 | D:9      | Noticed a tengu warrior
  9764 | D:9      | Noticed a boulder beetle
  9768 | D:9      | Noticed a manticore
 10045 | D:9      | Noticed a centaur warrior
 10282 | D:8      | Killed a two-headed ogre
 10569 | D:9      | Gained mutation: You are clumsy. (Dex -2) [potion of
                  | mutation]
 10569 | D:9      | Gained mutation: You have a somewhat thin skeletal
                  | structure. (Dex +2, Stealth+) [potion of mutation]
 10569 | D:9      | Gained mutation: You have a pair of large horns on your
                  | head. [potion of mutation]
 10577 | D:9      | HP: 2/83 [acid dragon/splash of acid (18)]
 10577 | D:9      | Mangled by a manticore

Illustrated notes

Levels and vault maps discovered:
D:1:      ncdulo_watergridlock, layout_basic,
          shapermc_ecumenical_altar_flowoftime, hex_medium, minivault_5,
          minmay_split_cup_small
D:2:      layout_rooms, serial_shops, shop, uniq_natasha, uniq_sigmund,
          uniq_jessica
D:3:      layout_rooms, okawaru_gym_becter, minmay_fountain_box, uniq_robin
D:4:      minmay_razor_zed, layout_loops_corners, minmay_temple_entry_junction,
          minmay_lizard_king
D:5:      layout_rooms, uniq_ijyb, uniq_grinder
D:6:      layout_loops_corners, kennysheep_windowed_goal
D:7:      layout_cave_pools, enter_bailey_6, uniq_joseph
D:8:      layout_cave_pools, serial_shops, nicolae_stop_n_shop_2
D:9:      layout_cross, minivault_28
Temple:   kilobyte_greek_temple

Skill      XL: |  1  2  3  4  5  6  7  8  9 10 |
---------------+-------------------------------+-----
Axes           | 4 5 7 8 9 10 12 13 14 | 14.5
Armour         | 2 4 6 7 |  7.6
Fighting       | 3 4 6 |  6.1
Dodging        | 4 5 6 7 |  7.9
Invocations    | 2 4 |  4.3
Throwing       | |  2.0

Action                   |  1- 3 |  4- 6 |  7- 9 | 10-12 || total
-------------------------+-------+-------+-------+-------++-------
Melee: War axe           |    66 |    79 |   201 |    74 ||   420
       Headbutt          |    12 |    11 |    52 |    21 ||    96
       Punch             |     1 |     1 |     1 |     3 ||     6
       Spear             |       |       |   226 |    15 ||   241
Throw: Throwing net      |     1 |     1 |     2 |     1 ||     5
       Dart              |       |     4 |     9 |    10 ||    23
       Javelin           |       |       |     6 |       ||     6
Evoke: Wand              |       |       |    12 |       ||    12
  Use: Scroll            |       |       |    12 |     5 ||    17
       Potion            |       |       |     5 |    13 ||    18
 Stab: Held in net/web   |       |     1 |     3 |     1 ||     5
Armor: Leather armour    |     2 |       |       |       ||     2
       Ring mail         |    18 |    16 |       |       ||    34
       Chain mail        |       |       |    94 |       ||    94
       Plate armour      |       |       |    22 |       ||    22
       Storm dragon scal |       |       |    16 |    86 ||   102
       Skin              |       |       |       |     6 ||     6
Dodge: Dodged            |    40 |    46 |   134 |   133 ||   353

Table legend: (Time is in decaauts)
 A = Elapsed time spent in this place.
 B = Non-inter-level travel time spent in this place.
 C = Inter-level travel time spent in this place.
 D = Time resting spent in this place.
 E = Time spent auto-exploring this place.
 F = Levels seen in this place.
 G = Mean time per level.
                   A        B        C        D        E       F      G
               +--------+--------+--------+--------+--------+-----+--------+
         Total |  10545 |  10195 |    350 |   3184 |   4986 |  11 |  958.6 |
       Dungeon |   9372 |   9063 |    309 |   2695 |   4847 |   9 | 1041.3 |
        Temple |    180 |    139 |     41 |      0 |    125 |   1 |  180.0 |
        Bailey |    992 |    992 |      0 |    489 |     14 |   1 |  992.0 |
               +--------+--------+--------+--------+--------+-----+--------+

Top non-repeatable levels by time:
     D:4: 1879 daAuts
     D:8: 1805 daAuts
     D:6: 1252 daAuts
  Bailey: 992 daAuts
     D:1: 975 daAuts
     D:7: 967 daAuts
     D:5: 789 daAuts
     D:2: 699 daAuts
     D:3: 676 daAuts
     D:9: 326 daAuts
  Temple: 180 daAuts
